EL
JACKSON GENERALS @ TRENTON THUNDER
07/21/2048
 
TOP OF THE 1ST
Corpus Christi Hooks batting - Pitching for Portland Sea Dogs : RHP Chris Cory
Pitching: RHP Chris Cory
Batting: RHB Edgar Trejo 0-0: Ball
1-0: SINGLE (Line Drive, 4MD, EV 94.4 MPH)
Batting: RHB Masaru Konno 0-0: Ball
1-0: Foul Ball, location: 2F
1-1: Foul Ball, location: 2F
1-2: Strikes out swinging
Batting: RHB Jose Leon Pickoff Throw to First - Out! 1-3
0-0: Hit by Pitch
Batting: RHB Bruce Bermudez 0-0: Swinging Strike
0-1: Swinging Strike
0-2: Strikes out swinging
Top of the 1st over - 0 runs, 1 hit, 0 errors, 1 left on base; Corpus Christi 0 - Portland 0
BOTTOM OF THE 1ST
Portland Sea Dogs batting - Pitching for Corpus Christi Hooks : LHP Miguel Yepez
Pitching: LHP Miguel Yepez
Batting: RHB Sal Rivera 0-0: Ball
1-0: Ball
2-0: Ball
3-0: Called Strike
3-1: Base on Balls
Batting: RHB Larry Brocato 0-0: Ball
Sal Rivera steals 2nd base
1-0: SINGLE (Line Drive, 34, EV 107.5 MPH)
Sal Rivera to third
Batting: RHB Matt Hinkle 0-0: Ball
1-0: Ball
2-0: Called Strike
2-1: Called Strike
2-2: DOUBLE (Line Drive, 7LS, EV 95.6 MPH)
Sal Rivera scores
Larry Brocato to third
Runner from 3rd tries for Home, SAFE, no throw by LF
Batting: RHB Roberto Morales 0-0: Called Strike
0-1: Ball
1-1: Ball
2-1: Foul Ball, location: 2F
2-2: Ground out 3-1 (Groundball, 34, EV 90.0 MPH)
Matt Hinkle to third
Batting: RHB Zi-jing Wang 0-0: Ball
1-0: Fly out, F9 (Flyball, 9D, EV 86.2 MPH)
Runner from 3rd tags up, SCORES, no throw by RF
Batting: RHB Frank Sokolosky 0-0: Ball
1-0: Fly out, F9 (Flyball, 9D, EV 87.5 MPH)
Bottom of the 1st over - 3 runs, 2 hits, 0 errors, 0 left on base; Corpus Christi 0 - Portland 3
TOP OF THE 2ND
Corpus Christi Hooks batting - Pitching for Portland Sea Dogs : RHP Chris Cory
Batting: LHB Josh Birkner 0-0: Ball
1-0: Ball
2-0: Ball
3-0: Called Strike
3-1: Ground out 4-3 (Groundball, 4, EV 106.2 MPH)
Batting: RHB Nick Deegan 0-0: Called Strike
0-1: Called Strike
0-2: Ball
1-2: Strikes out swinging
Batting: RHB Ryan Salas 0-0: Ground out 4-3 (Groundball, 4, EV 93.8 MPH)
Top of the 2nd over - 0 runs, 0 hits, 0 errors, 0 left on base; Corpus Christi 0 - Portland 3
BOTTOM OF THE 2ND
Portland Sea Dogs batting - Pitching for Corpus Christi Hooks : LHP Miguel Yepez
Batting: RHB Alex Melendez 0-0: Called Strike
0-1: Ground out U3 (Groundball, 13, EV 92.5 MPH)
Batting: RHB Nick Cottrell 0-0: Called Strike
0-1: Ball
1-1: Foul Ball, location: 2F
1-2: Ball
2-2: Fly out, F7 (Flyball, 78M, EV 87.5 MPH)
Batting: RHB Victor Orozco 0-0: Ball
1-0: Foul Ball, location: 2F
1-1: Called Strike
1-2: Ball
2-2: Foul Ball, location: 2F
2-2: Ball
3-2: Foul Ball, location: 2F
3-2: Strikes out swinging, 2-3 out at first.
Bottom of the 2nd over - 0 runs, 0 hits, 0 errors, 0 left on base; Corpus Christi 0 - Portland 3
TOP OF THE 3RD
Corpus Christi Hooks batting - Pitching for Portland Sea Dogs : RHP Chris Cory
Batting: LHB Jackson Trottier 0-0: Ball
1-0: Foul Ball, location: 2F
1-1: Swinging Strike
1-2: Fly out, F8 (Flyball, 89D, EV 73.8 MPH)
Batting: RHB Evan Fry 0-0: Ball
1-0: Swinging Strike
1-1: Ball
2-1: Fly out, F8 (Line Drive, 78M, EV 100.6 MPH)
Batting: RHB Edgar Trejo 0-0: Called Strike
0-1: Swinging Strike
0-2: Ball
1-2: Strikes out swinging
Top of the 3rd over - 0 runs, 0 hits, 0 errors, 0 left on base; Corpus Christi 0 - Portland 3
BOTTOM OF THE 3RD
Portland Sea Dogs batting - Pitching for Corpus Christi Hooks : LHP Miguel Yepez
Batting: RHB Sal Rivera 0-0: Called Strike
0-1: Fly out, F8 (Flyball, 8LM, EV 88.8 MPH)
Batting: RHB Larry Brocato 0-0: Ground out 6-3 (Groundball, 6, EV 78.1 MPH)
Batting: RHB Matt Hinkle 0-0: Ball
1-0: Ball
2-0: Foul Ball, location: 2F
2-1: Swinging Strike
2-2: Ball
3-2: Foul Ball, location: 2F
3-2: DOUBLE (Line Drive, 7LD, EV 105.0 MPH)
Batting: RHB Roberto Morales 0-0: Ball
1-0: Foul Ball, location: 2F
1-1: Ball
2-1: Ball
3-1: Base on Balls
Batting: RHB Zi-jing Wang 0-0: Ball
1-0: Foul Ball, location: 2F
1-1: Foul Ball, location: 2F
1-2: Ball
2-2: Fielders Choice at 2nd, 6-4 (Groundball, 6, EV 98.1 MPH)
Bottom of the 3rd over - 0 runs, 1 hit, 0 errors, 2 left on base; Corpus Christi 0 - Portland 3
TOP OF THE 4TH
Corpus Christi Hooks batting - Pitching for Portland Sea Dogs : RHP Chris Cory
Batting: RHB Masaru Konno 0-0: Ball
1-0: Ground out 6-3 (Groundball, 6, EV 83.1 MPH)
Batting: RHB Jose Leon 0-0: Called Strike
0-1: Ball
1-1: Foul Ball, location: 2F
1-2: Ball
2-2: Ball
3-2: Fly out, F7 (Flyball, 7S, EV 80.6 MPH)
Batting: RHB Bruce Bermudez 0-0: Fly out, F7 (Flyball, 7, EV 87.5 MPH)
Top of the 4th over - 0 runs, 0 hits, 0 errors, 0 left on base; Corpus Christi 0 - Portland 3
BOTTOM OF THE 4TH
Portland Sea Dogs batting - Pitching for Corpus Christi Hooks : LHP Miguel Yepez
Batting: RHB Frank Sokolosky 0-0: Called Strike
0-1: Ball
1-1: Ground out 6-3 (Groundball, 6S, EV 68.1 MPH)
Batting: RHB Alex Melendez 0-0: Called Strike
0-1: Ground out 4-3 (Groundball, 4, EV 79.4 MPH)
Batting: RHB Nick Cottrell 0-0: SINGLE (Groundball, 6MS, EV 72.5 MPH) (infield hit)
Batting: RHB Victor Orozco 0-0: Called Strike
0-1: Ball
1-1: DOUBLE (Groundball, 5L, EV 106.9 MPH)
Nick Cottrell to third
Runner from 3rd tries for Home, SAFE, no throw by LF
Batting: RHB Sal Rivera 0-0: Called Strike
0-1: Foul Ball, location: 2F
0-2: Ground out 5-3 (Groundball, 56, EV 91.2 MPH)
Bottom of the 4th over - 1 run, 2 hits, 0 errors, 1 left on base; Corpus Christi 0 - Portland 4
TOP OF THE 5TH
Corpus Christi Hooks batting - Pitching for Portland Sea Dogs : RHP Chris Cory
Batting: LHB Josh Birkner 0-0: Swinging Strike
0-1: Ball
1-1: DOUBLE (Line Drive, 9LS, EV 95.0 MPH)
Batting: RHB Nick Deegan 0-0: Called Strike
0-1: Ball
1-1: Ball
2-1: Swinging Strike
2-2: Ball
3-2: Strikes out looking
Batting: RHB Ryan Salas 0-0: Foul Ball, location: 2F
0-1: Ball
1-1: Swinging Strike
1-2: Ball
2-2: Ball
3-2: Foul Ball, location: 2F
3-2: Strikes out swinging
Batting: LHB Jackson Trottier 0-0: Ground out 1-3 (Groundball, 13, EV 66.2 MPH)
Top of the 5th over - 0 runs, 1 hit, 0 errors, 1 left on base; Corpus Christi 0 - Portland 4
BOTTOM OF THE 5TH
Portland Sea Dogs batting - Pitching for Corpus Christi Hooks : LHP Miguel Yepez
Batting: RHB Larry Brocato 0-0: Foul Ball, location: 2F
0-1: Called Strike
0-2: Ball
1-2: Ball
2-2: Foul Ball, location: 2F
2-2: Ball
3-2: Ground out 5-3 (Groundball, 56S, EV 61.9 MPH)
Batting: RHB Matt Hinkle 0-0: Swinging Strike
0-1: Ball
1-1: SINGLE (Groundball, 6MD, EV 94.4 MPH)
Batting: RHB Roberto Morales 0-0: Called Strike
Matt Hinkle steals 2nd base
0-1: Swinging Strike
0-2: Ground out U3 (Groundball, 3S, EV 91.9 MPH)
Matt Hinkle to third
Batting: RHB Zi-jing Wang 0-0: Called Strike
0-1: Ball
1-1: Called Strike
1-2: Ball
2-2: Strikes out swinging
Bottom of the 5th over - 0 runs, 1 hit, 0 errors, 1 left on base; Corpus Christi 0 - Portland 4
TOP OF THE 6TH
Corpus Christi Hooks batting - Pitching for Portland Sea Dogs : RHP Chris Cory
Batting: RHB Evan Fry 0-0: Ball
1-0: Ball
2-0: Called Strike
2-1: Foul Ball, location: 2F
2-2: Foul Ball, location: 2F
2-2: Fly out, F7 (Line Drive, 78M, EV 90.6 MPH)
Batting: RHB Edgar Trejo 0-0: Ball
1-0: Ball
2-0: Called Strike
2-1: Ball
3-1: Swinging Strike
3-2: SINGLE (Groundball, 6D, EV 110.6 MPH)
Batting: RHB Masaru Konno 0-0: Ball
1-0: Called Strike
Edgar Trejo steals 2nd base
1-1: Ball
2-1: Fly out, F9 (Flyball, 9, EV 82.5 MPH)
Batting: RHB Jose Leon 0-0: Ball
1-0: Called Strike
1-1: Ball
2-1: Swinging Strike
2-2: Ball
3-2: Strikes out swinging
Top of the 6th over - 0 runs, 1 hit, 0 errors, 1 left on base; Corpus Christi 0 - Portland 4
BOTTOM OF THE 6TH
Portland Sea Dogs batting - Pitching for Corpus Christi Hooks : LHP Miguel Yepez
Batting: RHB Frank Sokolosky 0-0: Ground out U3 (Groundball, 3, EV 85.0 MPH)
Batting: RHB Alex Melendez 0-0: Ball
1-0: Ball
2-0: SINGLE (Groundball, 4MD, EV 102.5 MPH)
Pitching: LHP Mike Holloway
Batting: RHB Nick Cottrell 0-0: Called Strike
0-1: Foul Ball, location: 2F
0-2: Ball
1-2: Foul Ball, location: 2F
1-2: Foul Ball, location: 2F
1-2: Ball
2-2: Strikes out swinging
Batting: RHB Victor Orozco 0-0: Swinging Strike
0-1: Called Strike
0-2: Ball
1-2: Ball
2-2: Strikes out looking
Bottom of the 6th over - 0 runs, 1 hit, 0 errors, 1 left on base; Corpus Christi 0 - Portland 4
TOP OF THE 7TH
Corpus Christi Hooks batting - Pitching for Portland Sea Dogs : RHP Chris Cory
Batting: RHB Bruce Bermudez 0-0: Ball
1-0: Foul Ball, location: 2F
1-1: Ball
2-1: Ball
3-1: Foul Ball, location: 2F
3-2: Fly out, F8 (Flyball, 8LD, EV 87.5 MPH)
Batting: LHB Josh Birkner 0-0: Ball
1-0: Called Strike
1-1: Ball
2-1: SINGLE (Flyball, 56D, EV 95.6 MPH) - OUT at second base trying to stretch hit.
Batting: RHB Nick Deegan 0-0: Fly out, F8 (Line Drive, 89M, EV 105.0 MPH)
Top of the 7th over - 0 runs, 1 hit, 0 errors, 0 left on base; Corpus Christi 0 - Portland 4
BOTTOM OF THE 7TH
Portland Sea Dogs batting - Pitching for Corpus Christi Hooks : LHP Mike Holloway
Pitching: RHP Tim Watson
Batting: RHB Sal Rivera 0-0: Ball
1-0: Called Strike
1-1: Ball
2-1: Called Strike
2-2: Ball
3-2: Strikes out swinging
Batting: RHB Larry Brocato 0-0: Ball
1-0: Foul Ball, location: 2F
1-1: Called Strike
1-2: Foul Ball, location: 2F
1-2: SINGLE (Groundball, 6D, EV 103.8 MPH)
Batting: RHB Matt Hinkle 0-0: DOUBLE (Line Drive, 7LM, EV 109.4 MPH)
Larry Brocato to third
Batting: RHB Roberto Morales 0-0: Ball
1-0: Foul Ball, location: 2F
1-1: Called Strike
1-2: Hit by Pitch
Batting: RHB Zi-jing Wang 0-0: Fielders Choice at 2nd, 6-4 (Groundball, 6, EV 97.5 MPH)
Larry Brocato scores
Matt Hinkle to third
Batting: RHB Frank Sokolosky 0-0: Ball
1-0: Fly out, F9 (Flyball, 9, EV 90.0 MPH)
Bottom of the 7th over - 1 run, 2 hits, 0 errors, 2 left on base; Corpus Christi 0 - Portland 5
TOP OF THE 8TH
Corpus Christi Hooks batting - Pitching for Portland Sea Dogs : RHP Chris Cory
Pitching: LHP Roald van Erkel
Batting: RHB Ryan Salas 0-0: Swinging Strike
0-1: Ball
1-1: Ball
2-1: Ground out 6-3 (Groundball, 6, EV 87.5 MPH)
Pinch Hitting: RHB Andrew Pride 0-0: Swinging Strike
0-1: Ball
1-1: Fly out, F8 (Flyball, 8RXD, EV 78.1 MPH)
Batting: RHB Evan Fry 0-0: Ball
1-0: Ball
2-0: Ball
3-0: Base on Balls
Batting: RHB Edgar Trejo 0-0: Ball
1-0: Ground out U3 (Groundball, 3L, EV 88.8 MPH)
Top of the 8th over - 0 runs, 0 hits, 0 errors, 1 left on base; Corpus Christi 0 - Portland 5
BOTTOM OF THE 8TH
Portland Sea Dogs batting - Pitching for Corpus Christi Hooks : RHP Tim Watson
Now in LF: Andrew Pride
Now in CF: Bruce Bermudez
Now in RF: Edgar Trejo
Batting: RHB Alex Melendez 0-0: Called Strike
0-1: SINGLE (Groundball, 56D, EV 95.0 MPH)
Batting: RHB Nick Cottrell 0-0: Foul Ball, location: 2F
0-1: Foul Ball, location: 2F
0-2: Hit by Pitch
Alex Melendez to second
Batting: RHB Victor Orozco 0-0: Ball
1-0: Called Strike
1-1: SINGLE (Line Drive, 4D, EV 101.2 MPH)
Alex Melendez to third
Nick Cottrell to second
Batting: RHB Sal Rivera 0-0: SINGLE (Groundball, 6, EV 108.8 MPH)
Alex Melendez scores
Nick Cottrell to third
Victor Orozco to second
Runner from 3rd tries for Home, SAFE, throw by LF to home
Pitching: RHP Bill Garcia
Batting: RHB Larry Brocato 0-0: Called Strike
0-1: Swinging Strike
0-2: Ball
1-2: Foul Ball, location: 2F
1-2: Foul Ball, location: 2F
1-2: Foul Ball, location: 2F
1-2: DOUBLE (Line Drive, 89M, EV 105.0 MPH)
Victor Orozco scores
Sal Rivera to third
Pinch Hitting: LHB Sergio Tinoco 0-0: SINGLE (Flyball, 7S, EV 91.9 MPH)
Sal Rivera scores
Larry Brocato to third
Runner from 3rd tries for Home, SAFE, throw by LF to home
Batting: RHB Roberto Morales 0-0: Called Strike
0-1: Called Strike
0-2: Foul Ball, location: 2F
0-2: Foul Ball, location: 2F
0-2: Ball
1-2: Fly out, F8 (Flyball, 8RXD, EV 77.5 MPH)
Batting: RHB Zi-jing Wang 0-0: Swinging Strike
0-1: DOUBLE (Flyball, 78XD, EV 98.1 MPH)
Sergio Tinoco to third
Batting: RHB Frank Sokolosky 0-0: Ground out 4-3 (Groundball, 4, EV 81.2 MPH)
Sergio Tinoco scores
Zi-jing Wang to third
Batting: RHB Alex Melendez 0-0: Called Strike
0-1: Called Strike
0-2: Strikes out swinging
Bottom of the 8th over - 6 runs, 6 hits, 0 errors, 1 left on base; Corpus Christi 0 - Portland 11
TOP OF THE 9TH
Corpus Christi Hooks batting - Pitching for Portland Sea Dogs : LHP Roald van Erkel
Now in LF: Sergio Tinoco
Pinch Hitting: RHB Jorge Gutierrez 0-0: Ball
1-0: Called Strike
1-1: Foul Ball, location: 2F
1-2: Ball
2-2: Strikes out swinging
Batting: RHB Jose Leon 0-0: Swinging Strike
0-1: Foul Ball, location: 2F
0-2: Foul Ball, location: 2F
0-2: Ball
1-2: Strikes out swinging, 2-3 out at first.
Batting: RHB Bruce Bermudez 0-0: Called Strike
0-1: Swinging Strike
0-2: Ball
1-2: Strikes out swinging
Top of the 9th over - 0 runs, 0 hits, 0 errors, 0 left on base; Corpus Christi 0 - Portland 11
Tuesday, March 28th , 2023 - OOTP Baseball 23.10 Build 110